 Dungeon Crawl Stone Soup version 0.23.1 (webtiles) character file.

Game seed: 11846704622795982504

11 Marmalade the Stinger (level 2, -1/17 HPs)
             Began as an Octopode Venom Mage on Mar 16, 2019.
             Slain by a kobold (3 damage)
             ... on level 1 of the Dungeon.
             The game lasted 00:01:34 (263 turns).

Marmalade the Stinger (Octopode Venom Mage)          Turns: 263, Time: 00:01:34

Health: -1/17      AC:  1    Str:  7    XL:     2   Next: 25%
Magic:  5/5        EV: 13    Int: 17    God:
Gold:   15         SH:  0    Dex: 12    Spells: 2/5 levels left

rFire    . . .     SeeInvis .   e - +0 short sword
rCold    . . .     Gourm    .   (no shield)
rNeg     . . .     Faith    .   (helmet restricted)
rPois    .         Spirit   .   (no amulet)
rElec    .         Reflect  .   g - ring of teleportation (curse)
rCorr    .         Harm     .   (no ring)
MR       .....     Rnd*Tele +   (no ring)
Stlth    +++.......             (no ring)
HPRegen  0.05/turn              (no ring)
MPRegen  0.09/turn              (no ring)
                                (no ring)
                                (no ring)

@: no status effects
A: almost no armour, stealthy swim, amphibious, 8 rings, constrict 8, camouflage
1, gelatinous body 1
a: no special abilities


You were on level 1 of the Dungeon.
You were not hungry.

You visited 1 branch of the dungeon, and saw 1 of its levels.

You collected 15 gold pieces.

Inventory:

Hand Weapons
 d - a +0 club
 e - a +0 short sword (weapon)
Jewellery
 g - a cursed ring of teleportation (left tentacle)
Scrolls
 f - a scroll of blinking {unknown}
Potions
 a - a potion of cancellation {unknown}
Comestibles
 b - a ration


   Skills:
 + Level 2.1 Dodging
 + Level 2.8 Stealth
 + Level 2.2 Spellcasting
 - Level 1.0 Conjurations
 * Level 0.1 Air Magic
 + Level 4.0 Poison Magic


You had 2 spell levels left.
You knew the following spells:

 Your Spells              Type           Power        Failure   Level  Hunger
a - Sting                 Conj/Pois      ##..         7%          1    #......
b - Poisonous Vapours     Pois/Air       #.....       12%         2    ###....

Your spell library contained the following spells:

 Spells                   Type           Power        Failure   Level  Hunger
 Mephitic Cloud           Conj/Pois/Air  #.......     28%         3    ###....
 Olgreb's Toxic Radiance  Pois           ###.....     36%         4    #####..
 Venom Bolt               Conj/Pois      ##........   88%         5    ######.


Dungeon Overview and Level Annotations

Branches:
Dungeon (1/15)

Altars:


Innate Abilities, Weirdness & Mutations

You cannot wear most types of armour.
You are very stealthy in the water. (Stealth+)
You are amphibious.
You can wear up to eight rings at the same time.
You can use your tentacles to constrict eight enemies at once.
Your skin changes colour to match your surroundings (Stealth+).
Your rubbery body absorbs attacks. (AC +1, EV +1)


Message History

The bat barely misses you.
You barely miss the bat. Your grab misses the bat. Your squeeze misses the bat.
The bat barely misses you.
You hit the bat.
You kill the bat!
You closely miss the goblin. Your grab misses the goblin.
Your squeeze misses the goblin. The kobold barely misses you.
The goblin hits you but does no damage.
You closely miss the goblin. You grab the goblin. You constrict the goblin.
The kobold hits you but does no damage. The goblin hits you.
* * * LOW HITPOINT WARNING * * *
You hit the goblin. You squeeze the goblin.
You kill the goblin!
Your Poison Magic skill increases to level 4!
The kobold hits you.
* * * LOW HITPOINT WARNING * * *
All of the chunks of flesh in your inventory have rotted away.
Found a scroll labeled MECVOP WOSTOTRUR.
The kobold hits you.
You die...

............§#..÷##....###.###.#.
........[...≈#...##.##.#...# .#
..8.###.8..###...##....#)### .#
...........#g#...####....# .#
####'''#######.....##.##..#
...........##...##.##.##..#
...........##..## ....###.#
##.......###...###?##.## .#
##'''''##...#.K@....... .#
...............##.###..# ..
##############.# .# # #....#
######


You could see a kobold.

Vanquished Creatures
  A leopard gecko (D:1)
  A goblin (D:1)
  A hobgoblin (D:1)
  A bat (D:1)
  2 frilled lizards (D:1)
  2 kobolds (D:1)
  3 rats (D:1)
11 creatures vanquished.

Notes
Turn   | Place    | Note
-------+----------+-------------------------------------------
     0 | D:1      | Marmalade the Octopode Venom Mage began the quest for the
                  | Orb.
     0 | D:1      | Reached XP level 1. HP: 11/11 MP: 3/3
   146 | D:1      | Reached XP level 2. HP: 17/17 MP: 0/5
   150 | D:1      | Learned a level 2 spell: Poisonous Vapours
   253 | D:1      | Reached skill level 4 in Poison Magic
   263 | D:1      | Slain by a kobold

Skill      XL: |  1  2 |
---------------+-------+-----
Poison Magic   | 4 |  4.0
Dodging        | |  2.1
Stealth        | |  2.8
Spellcasting   | |  2.2
Conjurations   | |  1.0
Air Magic      | |  0.1

Action                   || total
-------------------------++-------
Melee: Club              ||     2
       Constrict         ||     3
       Short sword       ||    11
       Tentacles         ||     1
 Cast: Sting             ||     9
 Stab: Sleeping          ||     1
Armor: Skin              ||     3
Dodge: Dodged            ||    12
